 Dungeon Crawl Stone Soup version 0.21.1-1-g345015f (webtiles) character file.

247 johnjohn the Caller (level 5, -3/29 HPs)
             Began as a Deep Elf Summoner on June 26, 2018.
             Slain by an ogre
             ... wielding a +0 giant club
              (32 damage)
             ... on level 4 of the Dungeon.
             The game lasted 00:21:16 (4956 turns).

johnjohn the Caller (Deep Elf Summoner)             Turns: 4956, Time: 00:21:17

Health: -3/29      AC:  4    Str:  6    XL:     5   Next: 85%
Magic:  7/14       EV: 15    Int: 20    God:
Gold:   122        SH:  0    Dex: 15    Spells: 8/14 levels left

rFire    . . .     SeeInvis .   p - +0 rapier
rCold    . . .     Gourm    .   (no shield)
rNeg     . . .     Faith    .   f - +0 leather armour
rPois    .         Spirit   .   i - +0 helmet
rElec    .         Reflect  .   (no cloak)
rCorr    .         Harm     .   (no gloves)
MR       .....                  (no boots)
Stlth    ++........             (no amulet)
HPRegen  0.09/turn              h - +3 ring of evasion
MPRegen  0.14/turn              (no ring)

@: no status effects
A: no striking features
a: no special abilities


You were on level 4 of the Dungeon.
You were very hungry.

You visited 1 branch of the dungeon, and saw 4 of its levels.

You collected 122 gold pieces.

Inventory:

Hand Weapons
 d - a +0 dagger
 p - a +0 rapier (weapon)
Armour
 a - a +0 robe
 f - a +0 leather armour (worn)
 i - a +0 helmet (worn)
 j - a +3 chain mail
 s - a +2 pair of boots
Jewellery
 h - a +3 ring of evasion (left hand)
Wands
 o - a wand of polymorph (16)
Scrolls
 g - 2 scrolls of teleportation
 l - a scroll of magic mapping {unknown}
 n - 2 scrolls of identify
 q - 5 scrolls of remove curse
 t - a scroll of immolation {unknown}
Potions
 e - a potion of agility
 k - a potion of berserk rage {unknown}
 m - a potion of degeneration {unknown}
 r - 4 potions of lignification {unknown}
Books
 b - a book of Callings

   Spells                             Type                      Level
   a - Summon Small Mammal            Summoning                    1
   b - Call Imp                       Summoning                    2
   c - Call Canine Familiar           Summoning                    3
   d - Summon Guardian Golem          Hexes/Summoning              3
   e - Summon Lightning Spire         Summoning/Air                4
   f - Summon Ice Beast               Ice/Summoning                4
Comestibles
 c - 6 rations


   Skills:
 + Level 1.4 Fighting
 + Level 1.9 Short Blades
 - Level 2.4 Dodging
 + Level 3.6 Stealth
 * Level 5.0 Spellcasting
 * Level 5.6 Summonings


You had 8 spell levels left.
You knew the following spells:

 Your Spells              Type           Power        Failure   Level  Hunger
a - Summon Small Mammal   Summ           ####         1%          1    None
b - Call Imp              Summ           ####....     2%          2    None
c - Call Canine Familiar  Summ           ####....     5%          3    ##.....


Dungeon Overview and Level Annotations

Branches:
Dungeon (4/15)
 Temple: D:4-7

Altars:

Annotations:
D:3 jamsan's ghost, amateur MfMo
D:4 Ijyb; Natasha


Message History

Your crimson imp blinks!
There is an open door here.
The ogre hits your crimson imp with a giant club!!
Your crimson imp dies!
The ogre hits your crimson imp with a giant club!!
Your crimson imp dies!
The ogre closely misses your hound.
The ogre hits your hound with a giant club.
The ogre hits your hound with a giant club!
There is an open door here.
Memorise Summon Guardian Golem, consuming 3 spell levels and leaving 5?
The ogre misses your hound.
You start memorising the spell.
You continue memorising.
The ogre hits your hound with a giant club!
Your hound dies!
Your hound's corpse disappears in a puff of smoke!
You continue memorising. x2
The ogre hits you with a giant club!!
Your memorisation is interrupted.
Ouch! That really hurt!
You die...

#.....##.#.W........
###'####.######.####
#.#........##.#
#.#.##.###.##.#
#.#.<#.# #.# #.#.)#.#
#.# #ยง#..#.# #.# ..
#O#..#.###.##.# h.#####
######@#..#......#.#
g......
#..........#######.#
.>.....
#..................#
h......
#..........#########
....... #............#
.......##..........#..#
..........(...........#
..$..#.#.#.#.#.#.#.#..#
... ....#.........#...#


You could see an ogre.

Vanquished Creatures
  A hound (D:2)
  A centaur skeleton (D:4)
  2 adders
  5 oozes
  A leopard gecko (D:1)
  A giant cockroach (D:3)
  A goblin (D:2)
  2 hobgoblins (D:2)
  3 jackals
  4 kobolds
  2 quokkas (D:2)
  A ball python (D:1)
  8 bats
  A frilled lizard (D:3)
  4 rats
  2 fungi (D:2)
39 creatures vanquished.

Vanquished Creatures (collateral kills)
  A scorpion (D:4)
  A hound (D:4)
  2 jellies (D:2)
  Robin (D:2)
  2 adders
  4 oozes
  A dart slug (D:3)
  A leopard gecko (D:1)
  3 giant cockroaches
  6 goblins
  3 hobgoblins
  A jackal (D:1)
  6 kobolds
  2 bats (D:2)
  2 frilled lizards
  3 rats
39 creatures vanquished.

Vanquished Creatures (others)
  6 toadstools (D:2)
6 creatures vanquished.

Grand Total: 84 creatures vanquished

Notes
Turn   | Place    | Note
-------+----------+-------------------------------------------
     0 | D:1      | johnjohn the Deep Elf Summoner began the quest for the Orb.
     0 | D:1      | Reached XP level 1. HP: 10/10 MP: 6/6
   254 | D:1      | Reached XP level 2. HP: 15/15 MP: 8/8
   683 | D:1      | Learned a level 2 spell: Call Imp
  1533 | D:2      | Reached XP level 3. HP: 14/20 MP: 10/10
  1923 | D:2      | Noticed Robin
  1940 | D:2      | Reached skill level 1 in Short Blades
  1950 | D:2      | Killed Robin
  2167 | D:2      | Reached skill level 1 in Fighting
  2167 | D:2      | Reached skill level 5 in Summonings
  2167 | D:2      | Reached XP level 4. HP: 14/25 MP: 12/12
  2874 | D:2      | Reached XP level 5. HP: 17/29 MP: 9/13
  3806 | D:3      | Noticed jamsan's ghost (amateur MfMo)
  3959 | D:4      | Noticed an ogre
  4216 | D:4      | Noticed Natasha
  4221 | D:4      | Noticed Ijyb
  4254 | D:4      | Noticed a phantom
  4318 | D:4      | Learned a level 3 spell: Call Canine Familiar
  4587 | D:4      | Reached skill level 5 in Spellcasting
  4683 | D:4      | Noticed an ogre
  4956 | D:4      | Slain by an ogre

Skill      XL: |  1  2  3  4  5 |
---------------+----------------+-----
Short Blades   | 1 |  1.9
Spellcasting   | 4 5 |  5.0
Fighting       | 1 |  1.4
Stealth        | 3 |  3.6
Summonings     | 5 |  5.6
Dodging        | |  2.4

Action                   |  1- 3 |  4- 6 || total
-------------------------+-------+-------++-------
Melee: Dagger            |    61 |       ||    61
       Rapier            |    42 |   130 ||   172
       Hand axe          |    13 |       ||    13
 Cast: Summon Small Mamm |     8 |     3 ||    11
       Call Imp          |    10 |    22 ||    32
       Call Canine Famil |       |     6 ||     6
  Use: Scroll            |     4 |       ||     4
 Stab: Sleeping          |     4 |     1 ||     5
  Eat: Chunk             |     4 |     5 ||     9
       Ration            |       |     1 ||     1
Armor: Robe              |    14 |       ||    14
       Leather armour    |    26 |    18 ||    44
Dodge: Dodged            |   111 |    81 ||   192
